 Dungeon Crawl Stone Soup version 0.19.5 (webtiles) character file.

114 Azzok the Skirmisher (level 4, -7/40 HPs)
             Began as a Centaur Fighter on June 1, 2017.
             Mangled by Crazy Yiuf
             ... wielding a +3 quarterstaff of chaos
              (13 damage)
             ... on level 2 of the Dungeon.
             The game lasted 00:02:52 (2033 turns).

Azzok the Skirmisher (Centaur Fighter)              Turns: 2033, Time: 00:02:52

Health: -7/40      AC:  7    Str: 19    XL:     4   Next: 66%
Magic:  3/4        EV:  5    Int:  7    God:
Gold:   111        SH:  8    Dex:  9    Spells: 0 memorised, 3 levels left

rFire  . . .     SeeInvis .     a - +0 long sword
rCold  . . .     Gourm    .     b - +0 scale mail
rNeg   . . .     Faith    .     c - +0 shield
rPois  .         Spirit   .     o - +0 helmet
rElec  .         Reflect  .     (no cloak)
rCorr  .         Harm     .     (no gloves)
MR     .....                    (no barding)
Stlth  ..........               (no amulet)
                                (no ring)
                                (no ring)

@: lethally poisoned (-7 -> -22), drained, very quick
A: hooves 3, deformed body, speed 2, tough skin 3
a: no special abilities


You were on level 2 of the Dungeon.
You were not hungry.

You visited 1 branch of the dungeon, and saw 2 of its levels.

You collected 111 gold pieces.

Inventory:

Hand Weapons
 a - a +0 long sword (weapon)
Missiles
 l - 22 arrows
Armour
 b - a +0 scale mail (worn)
 c - a +0 shield (worn)
 o - a +0 helmet (worn)
Scrolls
 e - 4 scrolls of remove curse {unknown}
 h - a scroll of blinking {unknown}
 j - a scroll of enchant armour {unknown}
 n - a scroll of random uselessness {unknown}
Potions
 d - 2 potions of might
 i - a potion of brilliance {unknown}
 m - 2 potions of curing {unknown}
Comestibles
 f - 3 bread rations {@e1}
 g - a chunk of flesh {@w0}
 k - a beef jerky


   Skills:
 + Level 4.0(3.3) Fighting
 + Level 2.6(2.1) Long Blades
 + Level 2.6(2.0) Armour
 + Level 2.7(2.1) Shields


You had 3 spell levels left.
You didn't know any spells.

Dungeon Overview and Level Annotations

Branches:
Dungeon (2/15)

Altars:
Uskayaw
Vehumet
Yredelemnul

Annotations:
D:2 Crazy Yiuf


Innate Abilities, Weirdness & Mutations

You have hooves in place of feet.
Armour fits poorly on your strangely shaped body.
You cover ground very quickly.
You have extremely tough skin. (AC +3)


Message History

You take 13 damage, and have 23/40 hp.
MASSIVE DAMAGE!!
You hit Crazy Yiuf but do no damage. You block Crazy Yiuf's attack.
Crazy Yiuf hits you with a quarterstaff of chaos.
You feel your power leaking away.
You take 5 damage, and have 18/40 hp.
You now have 3/4 mp.
Your shield prevents you from hitting Crazy Yiuf.
Crazy Yiuf hits you with a quarterstaff of chaos.
You take 4 damage, and have 14/40 hp.
Your shield prevents you from hitting Crazy Yiuf.
You kick Crazy Yiuf.
Crazy Yiuf is lightly wounded.
Crazy Yiuf barely misses you.
You hit Crazy Yiuf. You kick Crazy Yiuf.
Crazy Yiuf is heavily wounded.
Crazy Yiuf hits you with a quarterstaff of chaos!
* * * LOW HITPOINT WARNING * * *
You are lethally poisoned!
Crazy Yiuf says, "Proton!"
Crazy Yiuf hits you with a quarterstaff of chaos!
You die...

▒·····▒▒▒···········▒
▒·······╬···········▒▒
▒▒····▒▒▒·>··········▒▒
▒▒▒▒▒▒ ▒▒▒▒▒·▒···▒···▒
▒·········· ▒▒▒▒▒▒▒▒
▒·▒·▒·▒·▒·· ▒▒·╬··▒·▒▒▒
▒▒▒▒ ▒··<··▒·▒▒·
▒▒···▒··▒··▒▒···▒
▒▒▒▒▒▒▒····
▒······▒▒▒▒·@g··▒
▒·····▒▒▒·▒ ▒···╬·▒▒
▒▒▒··)▒ ▒·▒▒▒·▒▒▒··
▒·▒▒▒▒▒ ▒▒▒▒
▒·········▒ ▒·▒
▒··▒▒·····▒ ▒·▒
▒···'·····▒ ▒·▒
▒▒▒▒▒▒▒▒▒
▒▒▒▒▒▒▒▒······
▒·▒▒▒····▒▒·▒
▒······▒·····▒
▒·······)▒▒·▒
▒·▒▒▒▒·▒····▒▒
▒▒▒▒▒····▒▒·▒ ▒·▒
▒·▒····▒


You could see Crazy Yiuf.

Vanquished Creatures
  Robin (D:2)
  4 gnolls (D:2)
  An adder (D:2)
  A worm (D:2)
  A dart slug (D:1)
  2 leopard geckos (D:1)
  4 bats
  2 giant cockroaches (D:1)
  12 goblins
  7 hobgoblins
  6 kobolds
  2 frilled lizards
  3 rats
46 creatures vanquished.

Notes
Turn   | Place    | Note
-------+----------+-------------------------------------------
     0 | D:1      | Azzok the Centaur Fighter began the quest for the Orb.
     0 | D:1      | Reached XP level 1. HP: 19/19 MP: 1/1
   214 | D:1      | Reached XP level 2. HP: 19/26 MP: 2/2
   915 | D:2      | Reached XP level 3. HP: 20/31 MP: 3/3
  1193 | D:2      | Reached XP level 4. HP: 40/40 MP: 4/4
  1335 | D:2      | Found a hide-covered altar of Uskayaw.
  1337 | D:2      | Found a radiant altar of Vehumet.
  1338 | D:2      | Found a basalt altar of Yredelemnul.
  1391 | D:2      | Noticed Robin
  1409 | D:2      | Killed Robin
  1435 | D:2      | Reached skill level 4 in Fighting
  1857 | D:2      | Found a runed door.
  2026 | D:2      | Noticed Crazy Yiuf
  2033 | D:2      | Mangled by Crazy Yiuf

Skill      XL: |  1  2  3  4 |
---------------+-------------+-----
Long Blades    | 2 |  2.6
Fighting       | 4 |  4.0
Armour         | |  2.6
Shields        | |  2.7

Action                   |  1- 3 |  4- 6 || total
-------------------------+-------+-------++-------
Melee: Long sword        |    84 |    60 ||   144
       Kick              |    19 |    14 ||    33
  Eat: Chunk             |       |     3 ||     3
Armor: Scale mail        |    48 |    26 ||    74
Dodge: Dodged            |    19 |    11 ||    30
Block: Shield            |    28 |    23 ||    51
       Rpst.: Long sword |     4 |     3 ||     7
